AoeStats
← feizda

Arabia

509280151Analyzed
1v1 RM · 5d ago on Sep 26, 2026· 56m 24s· 2 players
Game mode
Random Map
Map size
Tiny (2 player)
Population
200
Speed
Normal
Resources
Standard
Victory
Conquest
Starting age
Dark Age
Ending age
Imperial Age
RankedLock teamsTeams togetherTeam positionsShared explorationLock speedFull tech treeHidden civsTurbo modeCheats
Victory
Defeat
1272
+16
🇨🇳 Poles · China
1273
-16
大刀向鬼子头上砍去
6:39 Loom
9:32 Feudal Age
10:39 Double-Bit Axe
12:38 Horse Collar
20:07 Castle Age
18:19 Gold Mining
18:45 Fletching
19:33 Padded Archer Armor
19:40 Stone Mining
20:28 Wheelbarrow
20:59 Bodkin Arrow
21:10 Husbandry
22:02 Bow Saw
22:38 Town Watch
23:36 Padded Archer Armor
26:48 Ballistics
26:46 Heavy Plow
35:21 Imperial Age
33:49 Scale Barding Armor
34:15 Corvinian Army
35:19 Hand Cart
35:32 Bloodlines
36:08 Chain Barding Armor
38:14 Plate Barding Armor
37:43 Bracer
39:21 Conscription
40:29 Chemistry
39:40 Masonry
39:48 Elite Magyar Huszar
41:50 Leather Archer Armor
42:27 Hoardings
42:52 Siege Engineers
42:27 Treadmill Crane
42:43 Murder Holes
43:21 Ring Archer Armor
44:32 Recurve Bow
44:14 Heavy Cavalry Archer
45:00 Thumb Ring
46:10 Two-Man Saw
47:25 Parthian Tactics
53:03 Town Patrol
feizda
6:26 Loom
9:15 Feudal Age
9:48 Double-Bit Axe
12:07 Horse Collar
17:48 Wheelbarrow
20:04 Castle Age
19:40 Town Watch
20:53 Fletching
21:15 Gold Mining
20:59 Crossbowman
22:10 Bodkin Arrow
22:52 Hand Cart
23:07 Bow Saw
23:13 Padded Archer Armor
26:00 Leather Archer Armor
27:01 Elite Skirmisher
28:44 Sanctity
29:13 Stone Mining
33:50 Szlachta Privileges
37:45 Imperial Age
35:44 Bloodlines
35:36 Husbandry
37:01 Scale Barding Armor
37:29 Forging
36:59 Light Cavalry
38:48 Chain Barding Armor
37:52 Cavalier
39:24 Conscription
39:44 Iron Casting
41:52 Blast Furnace
42:38 Lechitic Legacy
42:59 Hoardings
44:37 Winged Hussar
47:14 Heavy Plow
53:49 Bracer
54:20 Thumb Ring
56:09 Chemistry
55:29 Ballistics
55:23 Masonry
Connection lost

Rejoining the realm…

Still unreachable

The connection could not be restored.

Session expired

The server has moved on; the page needs a fresh start.